 Dungeon Crawl Stone Soup version 0.31-a0-1591-g515db51633 (webtiles) character file.

Game seed: 13938134184992447755

1169 MisterAzrael the Ruffian (level 8, -3/58 (68) HPs)
             Began as a White Draconian Shapeshifter on Jan 6, 2024.
             Slain by a wight
             ... wielding a +3 halberd
              (4 damage)
             ... on level 7 of the Dungeon.
             The game lasted 00:05:58 (4956 turns).

MisterAzrael the Ruffian (DrSh)                     Turns: 4956, Time: 00:05:59

HP:   -3/58 (68)    AC:  6    Str: 19    XL:     8   Next: 17%
MP:   8/8           EV: 12    Int: 10    God:
Gold: 360           SH:  0    Dex: 11    Spells: 7/7 levels left

rFire   x .          .
                       - Unarmed
rCold   + + .        (no shield)
rNeg    . . .        (body armour unavailable)
rPois   .            (helmet currently unavailable)
rElec   .            (cloak currently unavailable)
rCorr   .            (gloves currently unavailable)
SInv    .            (boots currently unavailable)
Will    .....        s - amulet of regeneration
Stlth   +            m - ring of ice
HPRegen 1.09/turn    (no ring)
MPRegen 0.11/turn

%: no passive effects
@: short of breath, beast-form, heavily drained
A: beast (slay +3), breathe frost, AC +6, unfitting armour, cold resistance 1,
cold-blooded
a: Breathe Frost, Begin Untransformation


You were on level 7 of the Dungeon.
You were a hulking beast.
You visited 1 branch of the dungeon, and saw 7 of its levels.

You collected 360 gold pieces.

Inventory:

Jewellery
 d - an amulet of the acrobat
 k - an amulet of magic regeneration
 m - a ring of ice (left hand)
 q - a ring of protection from fire
 s - an amulet of regeneration (around neck)
 w - a ring of magical power
 x - the amulet of Zitucwul {Acrobat rN+ Dex+3}
   (You found it on level 6 of the Dungeon)

   [amulet of the acrobat]

   Acrobat:   It increases your evasion while moving and waiting.
   Dex+3:     It affects your dexterity (+3).
   rN+:       It protects you from negative energy.
Talismans
 a - a blade talisman
 b - a beast talisman
 c - a flux talisman
Wands
 l - a wand of iceblast (12)
Scrolls
 e - a scroll of amnesia {unknown}
 f - 2 scrolls of revelation {unknown}
 g - 4 scrolls of identify {unknown}
 h - a scroll of vulnerability {unknown}
 i - 2 scrolls of blinking {unknown}
 j - a scroll of silence {unknown}
 n - a scroll of fear {unknown}
 o - a scroll of fog {unknown}
 r - 2 scrolls of noise {unknown}
 y - a scroll of teleportation {unknown}
 z - a scroll of poison {unknown}
Potions
 p - a potion of heal wounds
 t - a potion of cancellation {unknown}
 u - a potion of might {unknown}
 v - a potion of curing
 A - a potion of attraction


   Skills:
 + Level 5.2 Fighting
 - Level 2.0 Dodging
 * Level 7.5 Unarmed Combat
 + Level 5.3 Shapeshifting


You had 7 spell levels left.
You didn't know any spells.
Your spell library contained the following spells:

 Spells                   Type           Power      Damage    Failure   Level
 Magic Dart               Conj           0%         1d3       36%         1
 Blink                    Tloc           0%         N/A       50%         2
 Call Imp                 Summ           0%         N/A       50%         2
 Lesser Beckoning         Tloc           0%         N/A       50%         2
 Gell's Gravitas          Tloc           0%         N/A       75%         3
 Teleport Other           Tloc           0%         N/A       75%         3


Dungeon Overview and Level Annotations

Branches:
Dungeon (7/15)             Temple (0/1) D:7

Altars:
Dithmenos
Uskayaw
Vehumet


Innate Abilities, Weirdness & Mutations

You are a hulking beast.
Your limbs bulge with bestial killing power. (Slay +3)
You can breathe waves of freezing cold which knock back foes.
Your icy white scales are hard. (AC +6)
You cannot fit into any form of body armour.
Your flesh is cold resistant. (rC+)
You are cold-blooded and may be slowed by cold attacks.


Message History

Found a hand axe.
The jelly quivers.
You punch the jelly!
Your hands burn!
You tail-slap the jelly.
You kill the jelly!
A wight comes into view. It is wielding a +0 falchion.
The wight hits you from afar with a +3 halberd!
You feel drained. The wight attacks as it pursues you!
The wight hits you from afar with a +3 halberd!
You feel drained. The wight attacks as it pursues you!
The wight hits you with a +2 long sword.
The wight attacks as it pursues you!
The wight hits you with a +2 long sword.
The wight attacks as it pursues you! The wight barely misses you.
Aiming: Breathe Frost (4% risk of failure)
Press: ? - help, Q - select action, (/) - cycle Shift-Dir - straight line, f - wight
Aim: a wight, wielding a +2 long sword and wearing a +0 robe (68% to hit)
Okay, then.
The wight attacks as it pursues you! The wight closely misses you.
The wight attacks as it pursues you! The wight barely misses you.
The wight attacks as it pursues you!
The wight hits you from afar with a +3 halberd!
You feel drained.
Aiming: Breathe Frost (4% risk of failure)
Press: ? - help, Q - select action, (/) - cycle Shift-Dir - straight line You exhale a wave of freezing cold.
The freezing breath misses the wight.
The freezing breath hits the wight.
The wight resists.
The wight is lightly damaged.
The freezing breath misses the wight.
The wight hits you from afar with a +3 halberd!
* * * LOW HITPOINT WARNING * * *
You feel drained.
* * * LOW HITPOINT WARNING * * *
The wight hits you but does no damage. The wight attacks as it pursues you!
The wight hits you from afar with a +3 halberd!
* * * LOW HITPOINT WARNING * * *
You feel drained.
You die...

####.........# ###
#............# ...#
#............###....
.............#...#
...............:..#
.... #..........#
.....#.........####...
.........z.zzzh.......
...............####..#
...............#
.......###<...##
.)............#
.............##
.........PP....
.........P.PP..#
.....#....>...#


You could see 4 wights.

Vanquished Creatures
  A black bear (D:5)
  An ice beast (D:6)
  A sky beast (D:6)
  An ogre (D:5)
  A bullfrog (D:6)
  A scorpion (D:6)
  An orc priest (D:6)
  3 hounds
  A jelly (D:7)
  A gnoll bouda (D:4)
  Jessica (D:2)
  2 iguanas
  Natasha (thrice) (D:3)
  3 orc wizards
  2 sleepcaps
  10 gnolls
  6 adders
  2 white imps
  2 ufetubi (D:6)
  A dart slug (D:4)
  A ribbon worm (D:3)
  2 orcs (D:4)
  6 endoplasms
  A giant cockroach (D:2)
  2 goblins
  5 hobgoblins
  3 jackals (D:5)
  10 kobolds
  3 quokkas
  7 ball pythons
  7 bats
  2 frilled lizards (D:3)
  6 rats
99 creatures vanquished.

Notes
Turn   | Place    | Note
-------+----------+-------------------------------------------
     0 | D:1      | MisterAzrael the Draconian Shapeshifter began the quest for
                  | the Orb.
     0 | D:1      | Reached XP level 1. HP: 16/16 MP: 1/1
     3 | D:1      | Noticed an electric eel
     4 | D:1      | Noticed an electric eel
    48 | D:1      | Reached XP level 2. HP: 15/23 MP: 2/2
   513 | D:1      | Reached XP level 3. HP: 29/29 MP: 3/3
  1235 | D:2      | Noticed Jessica
  1238 | D:2      | Killed Jessica
  1352 | D:2      | Found a shadowy altar of Dithmenos.
  1415 | D:2      | Found a faded altar of an unknown god.
  1425 | D:2      | Reached XP level 4. HP: 36/36 MP: 4/4
  1443 | D:2      | You fall into a shaft and drop 1 floor!
  1483 | D:3      | Reached skill level 4 in Unarmed Combat
  1620 | D:3      | Noticed Natasha
  1631 | D:3      | Killed Natasha
  1908 | D:3      | Noticed Natasha
  1914 | D:3      | Killed Natasha
  1915 | D:3      | Reached XP level 5. HP: 41/44 MP: 5/5
  2075 | D:3      | Noticed Natasha
  2080 | D:3      | Killed Natasha
  2380 | D:4      | Reached skill level 5 in Unarmed Combat
  2441 | D:4      | Reached XP level 6. HP: 24/51 MP: 6/6
  3393 | D:5      | Entered Level 5 of the Dungeon
  3468 | D:5      | Found a radiant altar of Vehumet.
  3862 | D:5      | Reached skill level 6 in Unarmed Combat
  3862 | D:5      | Your scales start taking on an icy white colour.
  3862 | D:5      | Reached XP level 7. HP: 59/59 MP: 7/7
  3862 | D:5      | Gained mutation: Your flesh is cold resistant. (rC+) [White
                  | Draconian growth]
  4414 | D:6      | Identified the amulet of Zitucwul {Acrobat rN+ Dex+3}
  4468 | D:6      | Reached skill level 5 in Shapeshifting
  4502 | D:6      | Found a hide-covered altar of Uskayaw.
  4555 | D:6      | Reached skill level 5 in Fighting
  4555 | D:6      | Reached skill level 7 in Unarmed Combat
  4560 | D:6      | Reached XP level 8. HP: 57/68 MP: 8/8
  4943 | D:7      | Found a staircase to the Ecumenical Temple.
  4956 | D:7      | HP: 1/60 [wight/+3 halberd (8)]
  4956 | D:7      | Slain by a wight

Illustrated notes

Levels and vault maps discovered:
D:1:      arrival_aquarium_b, layout_loops_ring, serial_rivers,
          chequers_serial_rivers_micro_a, chequers_serial_rivers_micro_c,
          chequers_serial_rivers_large_a, chequers_serial_rivers_small_a,
          chequers_serial_rivers_small_a
D:2:      layout_loops_cross, basic_altar,
          shapermc_ecumenical_altar_mp_highgroup, minmay_misc_feat_square,
          uniq_jessica
D:3:      layout_loops_ring, dreamdust_wishing_well, serial_park_tiny_1,
          uniq_natasha
D:4:      layout_gridville, grunt_decor_one_mirror
D:5:      layout_basic, fiery_altar_vehumet, enter_ossuary_5
D:6:      layout_rooms, nicolae_uskayaw_suspiria
D:7:      layout_cave_pools, yredelemnul_forgotten_temple_becter,
          minmay_temple_entry_overgrown, enter_bailey_2

Skill      XL: |  1  2  3  4  5  6  7 |
---------------+----------------------+-----
Dodging        | 2 |  2.0
Fighting       | 2 3 4 5 |  5.2
Unarmed Combat | 4 5 6 7 |  7.5
Shapeshifting  | 4 5 |  5.3

Action                     |  1- 3 |  4- 6 |  7- 9 || total
---------------------------+-------+-------+-------++-------
  Melee: Unarmed           |    78 |   152 |    78 ||   308
         Tailslap          |    11 |    25 |    11 ||    47
         Punch             |     3 |     4 |     2 ||     9
Ability: Breathe Frost     |       |       |     4 ||     4
    Use: Potion            |       |     5 |     1 ||     6
   Stab: Sleeping          |     1 |     2 |       ||     3
         Invisible         |       |     2 |       ||     2
         Distracted        |       |     1 |       ||     1
 Armour: Skin              |    39 |   125 |   110 ||   274
  Dodge: Dodged            |    64 |   107 |    86 ||   257

Table legend: (Time is in decaauts)
 A = Elapsed time spent in this place.
 B = Non-inter-level travel time spent in this place.
 C = Inter-level travel time spent in this place.
 D = Time resting spent in this place.
 E = Time spent auto-exploring this place.
 F = Levels seen in this place.
 G = Mean time per level.
                   A        B        C        D        E       F      G
               +--------+--------+--------+--------+--------+-----+--------+
         Total |   4971 |   4846 |    125 |    498 |   3550 |   7 |  710.1 |
       Dungeon |   4971 |   4846 |    125 |    498 |   3550 |   7 |  710.1 |
               +--------+--------+--------+--------+--------+-----+--------+

Top non-repeatable levels by time:
     D:4: 1425 daAuts
     D:1: 1115 daAuts
     D:3: 765 daAuts
     D:5: 720 daAuts
     D:6: 583 daAuts
     D:2: 348 daAuts
     D:7: 12 daAuts
